 Dungeon Crawl Stone Soup version 0.20-b1-18-gaa2fd62 (webtiles) character file.

418 potatolord6000 the Sneak (level 6, 0/57 HPs)
             Began as a Naga Fighter on May 24, 2017.
             Slain by a jackal (1 damage)
             ... on level 4 of the Dungeon.
             The game lasted 00:11:36 (3594 turns).

potatolord6000 the Sneak (Naga Fighter)             Turns: 3594, Time: 00:11:37

Health: 0/57       AC: 10    Str: 20    XL:     6   Next: 93%
Magic:  6/6        EV:  3    Int:  8    God:
Gold:   79         SH: 11    Dex: 11    Spells: 5/5 levels left

rFire    . . .     SeeInvis +   f - +1 spear
rCold    . . .     Gourm    .   e - +2 shield
rNeg     . . .     Faith    .   d - +0 chain mail
rPois    +         Spirit   .   l - +0 helmet
rElec    .         Reflect  .   (no cloak)
rCorr    .         Harm     .   (no gloves)
MR       .....                  (no barding)
Stlth    ..........             (no amulet)
Regen    0.2/turn               i - +2 ring of protection
MPRegen  0.1/turn               (no ring)

@: lethally poisoned (0 -> 0), very slow
A: see invisible, deformed body, poison resistance, slowness 2, slow metabolism
1, spit poison 1, AC +2
a: Spit Poison


You were on level 4 of the Dungeon.
You were not hungry.

You visited 1 branch of the dungeon, and saw 4 of its levels.

You collected 79 gold pieces.

Inventory:

Hand Weapons
 f - a +1 spear (weapon)
Armour
 d - a +0 chain mail (worn)
 e - a +2 shield (worn)
 l - a +0 helmet (worn)
Jewellery
 i - a +2 ring of protection (left hand)
Scrolls
 k - 2 scrolls of remove curse
 m - 2 scrolls of teleportation {unknown}
 n - 4 scrolls of identify {unknown}
 o - 2 scrolls of enchant armour {unknown}
 q - a scroll of magic mapping {unknown}
 t - a scroll of random uselessness {unknown}
Potions
 h - a potion of haste
 s - a potion of brilliance {unknown}
 u - a potion of berserk rage {unknown}
 v - a potion of agility {unknown}
Comestibles
 a - a bread ration
 r - a meat ration


   Skills:
 + Level 4.2 Fighting
 + Level 3.7 Polearms
 + Level 3.5 Armour
 + Level 4.6 Stealth
 + Level 3.3 Shields


You had 5 spell levels left.
You didn't know any spells.

Dungeon Overview and Level Annotations

Branches:
Dungeon (4/15)
 Temple: D:4-7

Altars:


Innate Abilities, Weirdness & Mutations

You cannot wear boots.
Your serpentine skin is tough. (AC +2)
You have supernaturally acute eyesight. (SInv)
Armour fits poorly on your strangely shaped body.
Your system is resistant to poisons. (rPois)
You cover ground very slowly.
You have a slow metabolism.
You can spit poison.


Message History

The orc hits you but does no damage. You block the leopard gecko's attack.
The jackal bites the plant but does no damage.
The orc wizard hits the plant but does no damage.
The jackal bites you but does no damage. x2
Found 2 murky ruby potions.
Unknown command.
Unknown command.
You hit the orc.
The orc is moderately wounded.
The plant is destroyed!
The jackal bites you.
* * * LOW HITPOINT WARNING * * *
You block the leopard gecko's attack. You block the orc's attack.
You block the jackal's attack.
The orc wizard hits the plant but does no damage.
The jackal bites you but does no damage.
The leopard gecko bites you.
* * * LOW HITPOINT WARNING * * *
The jackal bites you.
You die...

....# ###..≈≈≈≈≈≈ ....#
#..[≈P≈≈≈≈..
....#########.)≈≈P≈≈≈≈≈.
...............≈≈≈≈≈P≈..
....##########.≈≈≈≈≈≈...
..).# ##.≈≈≈≈≈≈≈.# ..%##
#####?.ho≈≈P≈...
##............)hhoo≈..#
#...##########h@l≈.≈.#
#.### #.≈P≈P...! ..#
....P≈o.... .##
#..≈.≈≈≈≈.## #
#....≈≈≈≈..#
#.#.≈≈≈≈≈..#
....≈≈≈≈≈..#
.....≈≈≈≈P≈.#


You could see an orc priest, 2 orc wizards, an orc, a leopard gecko and 4
jackals.

Vanquished Creatures
  Edmund (D:4)
  A hound (D:3)
  An orc priest (D:4)
  Natasha (twice) (D:3)
  An orc wizard (D:3)
  2 adders (D:4)
  3 gnolls (D:2)
  An ooze (D:1)
  3 dart slugs
  6 leopard geckos
  14 orcs (D:3)
  2 ball pythons (D:1)
  6 bats
  12 goblins
  9 hobgoblins
  3 jackals (D:2)
  4 frilled lizards
  6 kobolds
  12 rats
89 creatures vanquished.

Vanquished Creatures (others)
  A plant (D:4)
1 creature vanquished.

Grand Total: 90 creatures vanquished

Notes
Turn   | Place    | Note
-------+----------+-------------------------------------------
     0 | D:1      | potatolord6000 the Naga Fighter began the quest for the Orb.
     0 | D:1      | Reached XP level 1. HP: 21/21 MP: 1/1
   317 | D:1      | Reached skill level 1 in Stealth
   406 | D:1      | Reached XP level 2. HP: 25/28 MP: 2/2
  1117 | D:1      | Reached XP level 3. HP: 34/34 MP: 3/3
  1761 | D:2      | Reached XP level 4. HP: 39/42 MP: 4/4
  2543 | D:3      | Noticed Natasha
  2553 | D:3      | Killed Natasha
  2553 | D:3      | Reached XP level 5. HP: 43/50 MP: 5/5
  2594 | D:3      | Noticed Natasha
  2604 | D:3      | Killed Natasha
  2938 | D:3      | Reached XP level 6. HP: 35/57 MP: 6/6
  3323 | D:4      | Noticed Edmund
  3354 | D:4      | Killed Edmund
  3594 | D:4      | HP: 2/57 [jackal (2)]
  3594 | D:4      | Slain by a jackal

Skill      XL: |  1  2  3  4  5  6 |
---------------+-------------------+-----
Stealth        | 1 2 3 4 |  4.6
Armour         | 3 |  3.5
Polearms       | 3 |  3.7
Shields        | 3 |  3.3
Fighting       | 4 |  4.2

Action                   |  1- 3 |  4- 6 || total
-------------------------+-------+-------++-------
Melee: Trident           |    36 |       ||    36
       Spear             |   115 |   264 ||   379
 Abil: Spit Poison       |     3 |     1 ||     4
  Use: Potion            |       |     5 ||     5
       Scroll            |       |     3 ||     3
  Eat: Bread ration      |     1 |       ||     1
       Meat ration       |       |     1 ||     1
Armor: Scale mail        |   104 |    99 ||   203
       Chain mail        |       |   101 ||   101
Dodge: Dodged            |    36 |    62 ||    98
Block: Shield            |   137 |   214 ||   351
